Cogmind - Beta 10 @@@ ROGUE MODE // 2020.09.09 @ 15:44:05 Player: Torako Result: Destroyed by Z-Imprinter with Zionite Laser-M Performance ------------- Evolutions (4) 2000 Regions Visited (18) 3600 Robots Destroyed (133) 665 Value Destroyed (4231) 4231 Prototype IDs (47) 940 Alien Tech Used (0) 0 Bonus (3258) 3258 TOTAL SCORE: 14694 Bonus ------- High Alert Combat Kills 404 Follower Combat Kills 1409 Entered Garrisons 600 Used RIF Installer 1500 Aligned with FarCom 300 Friendly Fire -955 Cogmind --------- Core Integrity 0/850 Matter 189/300 Energy 586/600 System Corruption 0% Temperature Cool (27) Movement Walking (120) Location -6/Deep Caves Parts ------- > --- POWER (1) -------- (None) > --- PROPULSION (4) --- Flexi-carbon Leg Armored Leg Armored Leg > --- UTILITY (8) ------ Medium Storage Unit Medium Storage Unit Energy Well Advanced Targeting Computer Advanced Targeting Computer Advanced Targeting Computer Advanced Targeting Computer > --- WEAPON (2) ------- Improved Heavy Machine Gun Missile Launcher > --- INVENTORY (12) --- Combat Airjet Combat Airjet HERF Cannon Makeshift Shrapnel Gun Coil Gun Remote Datajack Makeshift Sword Great Axe Great Axe CR-A16's Pointy Stick Peak State ------------ > --- POWER ------------ Antimatter Reactor > --- PROPULSION ------- Heavy Treads > --- UTILITY ---------- Advanced Targeting Computer Core Analyzer Damper Plating Damper Plating > --- WEAPON ----------- AWS/Gauss > --- INVENTORY -------- Improved Cooling System Experimental Sensor Array Improved Propulsion Shielding 8R-AWN's Boregun [Rating: 80] Favorites ----------- Power Antimatter Reactor Engine Light Angular Momentum Engine Power Core Reinforced Fission Core Reactor Antimatter Reactor Propulsion Wheel Treads Heavy Treads Leg Flexi-carbon Leg Wheel Wheel Hover Unit Combat Airjet Utility Advanced Targeting Computer Device Improved Cooling System Storage Large Storage Unit Processor Advanced Targeting Computer Hackware EX Chip 1 Protection Damper Plating Weapon Coil Gun Energy Gun EM Pulse Gun Energy Cannon Beam Cannon Ballistic Gun Coil Gun Ballistic Cannon Light Cannon Launcher Rocket Launcher Slashing Weapon Longsword +1 Build | -11 -10 -10 -10 -9 -8 -7 -7 -7 -7 -7 -7 -6 -6 -6 -6 -6 -6 -6 ------- Run | Scr Mat Min Exi Min Mat Fac Was Fac Gar Fac Gar Fac Gar Fac Low Low Zio Dee Slots Evolved 8 | . . . . . 4 2 . . . . . 2 . . . . . . Power . | . . . . . . . . . . . . . . . . . . . Propulsion 2 | . . . . . . . . . . . . 2 . . . . . . Utility 6 | . . . . . 4 2 . . . . . . . . . . . . Weapon . | . . . . . . . . . . . . . . . . . . . Parts Attached 169 | 7 12 2 21 . 7 11 16 . 2 9 . 1 14 41 2 1 19 4 Power 16 | 1 2 . 2 . . . 4 . . . . . 1 3 1 . 2 . Engine 9 | 1 1 . 1 . . . . . . . . . 1 3 1 . 1 . Core 6 | . 1 . 1 . . . 3 . . . . . . . . . 1 . Reactor 1 | . . . . . . . 1 . . . . . . . . . . . Propulsion 43 | 3 3 . 5 . . 3 3 . . . . . 2 12 1 . 10 1 Treads 11 | 1 2 . 2 . . 1 2 . . . . . 2 1 . . . . Leg 10 | . . . 1 . . . 1 . . . . . . . . . 7 1 Wheel 6 | 2 1 . 2 . . 1 . . . . . . . . . . . . Hover 16 | . . . . . . 1 . . . . . . . 11 1 . 3 . Flight . | . . . . . . . . . . . . . . . . . . . Utility 50 | 1 4 2 4 . 7 3 8 . . 4 . . 6 10 . . 1 . Device 17 | . 1 1 2 . 1 . 5 . . 1 . . 1 4 . . 1 . Storage 9 | 1 2 . 2 . . . . . . 1 . . . 3 . . . . Processor 8 | . 1 . . . 1 2 . . . 1 . . . 3 . . . . Hackware 4 | . . . . . 3 . . . . 1 . . . . . . . . Protection 12 | . . 1 . . 2 1 3 . . . . . 5 . . . . . Artifact . | . . . . . . . . . . . . . . . . . . . Weapon 60 | 2 3 . 10 . . 5 1 . 2 5 . 1 5 16 . 1 6 3 Energy Gun 11 | 1 2 . 1 . . 3 . . 2 . . . . 2 . . . . Energy Cannon 14 | . 1 . 1 . . 1 . . . 2 . . . 6 . . 3 . Ballistic Gun 21 | 1 . . 1 . . . 1 . . 3 . 1 4 7 . . 1 2 Ballistic Cannon 3 | . . . 2 . . 1 . . . . . . . . . . . . Launcher 5 | . . . 2 . . . . . . . . . 1 . . 1 . 1 Special Weapon . | . . . . . . . . . . . . . . . . . . . Impact Weapon . | . . . . . . . . . . . . . . . . . . . Slashing Weapon 6 | . . . 3 . . . . . . . . . . 1 . . 2 . Piercing Weapon . | . . . . . . . . . . . . . . . . . . . Special Melee Weapon . | . . . . . . . . . . . . . . . . . . . Unidentified Prototypes 10 | . . 1 4 . . 3 . . . . . . . 2 . . . . Parts Lost 33 | . 1 . 6 . . 1 6 . . . . . 2 5 . . 7 5 Power 6 | . . . 2 . . . 1 . . . . . 1 . . . 1 1 Propulsion 13 | . . . 2 . . 1 3 . . . . . . 2 . . 3 2 Utility 8 | . . . 1 . . . 2 . . . . . 1 2 . . 1 1 Weapon 6 | . 1 . 1 . . . . . . . . . . 1 . . 2 1 Highest Loss Streak 5 | . 1 . 5 . . 1 5 . . . . . 1 3 . . 3 5 Average Slot Usage (%) 86 | . 99 100 94 100 94 95 57 53 53 67 76 66 77 93 93 93 93 97 Engine 3 | . 12 . . . . . . . . . . . 3 6 6 6 4 4 Core 4 | . 1 14 13 14 9 7 1 . . . . . . . . . 1 . Reactor 1 | . . . . . . . 5 7 7 7 7 6 1 . . . . . Treads 8 | . 14 14 12 . . 1 6 7 7 7 7 6 12 11 . . . . Leg 1 | . . . . . . . . . . . . . . . . . 7 25 Wheel 6 | . 14 14 12 28 18 13 . . . . . . . . . . . . Hover 3 | . . . . . . . . . . . . . . 9 20 20 14 . Device 6 | . 6 12 . . 4 7 6 7 7 11 15 13 13 6 6 6 4 6 Storage 12 | . 14 14 19 28 18 15 1 . . 1 7 6 6 10 20 20 20 20 Processor 12 | . 7 . . . 1 19 11 7 7 11 15 13 13 20 26 26 26 26 Protection 7 | . . 1 7 . 10 15 12 15 15 10 7 6 13 13 . . . . Energy Gun 4 | . 16 14 8 . . 6 . . 3 4 . . . . . . . . Energy Cannon 4 | . 6 14 7 . . 4 . . . 2 . . . 3 13 11 8 . Ballistic Gun 4 | . 4 . . . . . 6 7 4 5 15 13 12 8 . . . 12 Ballistic Cannon 1 | . . . . 28 18 3 . . . . . . . . . . . . Slashing Weapon 1 | . . . 9 . . . . . . . . . . . . . 3 . Naked Turns . | . . . . . . . . . . . . . . . . . . . Heaviest Build 122 | 10 27 40 66 59 79 83 118 118 118 122 76 77 77 58 52 52 56 41 Greatest Support 130 | 20 10 10 40 20 20 20 70 70 70 70 70 70 130 130 61 61 76 76 Greatest Overweight (x) 10 | . 2 3 6 2 3 8 10 1 1 1 1 1 1 . . . 1 . Average Overweight (x) 1 | . 1 2 2 2 2 4 1 1 1 . 1 1 . . . . . . Largest Inventory Capacity 16 | 6 10 10 16 16 16 16 16 4 4 6 6 6 6 12 12 12 12 12 Average Capacity 9 | 5 8 10 12 16 16 16 5 4 4 4 6 6 6 9 12 12 12 12 Most Carried 16 | 4 10 10 16 16 16 16 16 4 4 5 5 6 6 12 12 12 12 12 Average Carried 9 | 2 7 9 11 15 15 15 5 4 4 3 5 5 5 8 11 12 11 11 Final Capacity 16 | 6 10 10 16 16 16 16 4 4 4 6 6 6 6 12 12 12 12 12 Final Carried 16 | 4 10 10 15 16 16 16 4 4 4 5 5 6 6 10 12 12 12 10 Class Distribution -------------------- 56% | Mutant 43% | Scavenger-Mutant Dominant Class ---------------- Mutant | -10/Materials Mutant | -10/Mines Mutant | -10/Exiles Mutant | -9/Mines Mutant | -8/Materials Mutant | -7/Factory Scavenger-Mutant | -7/Waste Scavenger-Mutant | -7/Factory Scavenger-Mutant | -7/Garrison Scavenger-Mutant | -7/Factory Scavenger-Mutant | -7/Garrison Scavenger-Mutant | -6/Factory Scavenger-Mutant | -6/Garrison Scavenger-Mutant | -6/Factory Mutant | -6/Lower Caves Mutant | -6/Lower Caves Mutant | -6/Zion Scavenger-Mutant | -6/Deep Caves Resources | -11 -10 -10 -10 -9 -8 -7 -7 -7 -7 -7 -7 -6 -6 -6 -6 -6 -6 -6 ----------- Run | Scr Mat Min Exi Min Mat Fac Was Fac Gar Fac Gar Fac Gar Fac Low Low Zio Dee Matter Collected 2933 | 273 141 20 166 . 123 199 167 21 . 100 73 . 516 889 20 . 225 . Remotely . | . . . . . . . . . . . . . . . . . . . Salvage Created 7077 | 93 458 88 203 . 181 473 1685 98 215 100 . . 714 1444 134 95 1063 33 Parts 291 | 1 29 6 15 . 8 20 32 2 10 3 . . 23 62 7 4 66 3 Haulers Intercepted 4 | . 2 . . . 1 1 . . . . . . . . . . . . Recyclers Shooed 2 | . . . . . . . . . . . . . . 2 . . . . Parts Field Recycled . | . . . . . . . . . . . . . . . . . . . Retrieved Matter . | . . . . . . . . . . . . . . . . . . . Parts Self-Destructed 7 | . . . . . . . . . . . . . . . 5 2 . . Prevented 2 | . . . . . . . . . . . . . . . . 2 . . Kills | -11 -10 -10 -10 -9 -8 -7 -7 -7 -7 -7 -7 -6 -6 -6 -6 -6 -6 -6 ------- Run | Scr Mat Min Exi Min Mat Fac Was Fac Gar Fac Gar Fac Gar Fac Low Low Zio Dee Combat Hostiles Destroyed 91 | . 10 6 5 . 4 6 6 1 4 . . . 11 23 3 4 7 1 Melee 1 | . . . 1 . . . . . . . . . . . . . . . Guns 46 | . 9 3 . . . 1 6 1 4 . . . 7 15 . . . . Cannons 20 | . 1 3 . . 4 2 . . . . . . . 5 3 . 2 . AOE 13 | . . . 4 . . 1 . . . . . . 4 . . 3 . 1 Classes Destroyed 20 | 1 4 1 1 . 1 . 1 . 1 . . . 3 3 . . 3 1 Worker 1 | . . . . . . . . . . . . . . 1 . . . . Builder 2 | . . . . . . . . . . . . . . 2 . . . . Hauler 4 | . 2 . . . 1 1 . . . . . . . . . . . . Recycler 3 | 1 . . . . . . . . . 1 . . . 1 . . . . Turret 1 | . . . 1 . . . . . . . . . . . . . . . Watcher 3 | . 1 . . . . 1 . . . . . . . 1 . . . . Swarmer 13 | . 3 4 . . . . . 1 . . . . . 2 . 3 . . Grunt 38 | . 7 . . . 3 4 . . 3 . . . 6 13 1 1 . . Brawler 2 | . . . . . . . . . . . . . 2 . . . . . Duelist 3 | . . . . . . . . . . . . . 1 2 . . . . Sentry 3 | . . . . . 1 2 . . . . . . . . . . . . Hunter 4 | . . . . . . . . . 1 . . . 2 1 . . . . Programmer 7 | . . . . . . . . . . . . . . 5 2 . . . Compactor 6 | . . . . . . . 6 . . . . . . . . . . . Zionite 23 | . . . . . . . . . . . . . . . . . 23 . Z-Light 1 | . . . . . . . . . . . . . . . . . . 1 Assembled 6 | . . 2 4 . . . . . . . . . . . . . . . Surgeon 1 | . . . . . . . . . . . . . 1 . . . . . Wasp 1 | . . . . . . . . . 1 . . . . . . . . . Thug 2 | . . . . . . . . 1 . . . . 1 . . . . . Savage 1 | . . . . . . . . . . . . . . . . . 1 . Butcher 2 | . . . . . . . . . . . . . . . . . 2 . Marauder 2 | . . . . . . . . . . . . . . . . . 2 . Mutant 2 | . . . . . . . . . . . . . . . . . 2 . Best Kill Streak 9 | 1 3 4 5 . 2 4 4 1 3 1 . . 5 7 2 3 9 1 Combat Bots Only 5 | . 3 4 4 . 2 3 4 1 3 . . . 5 5 2 3 1 1 Max Kills in Single Turn 4 | 1 1 1 4 . 1 1 1 1 1 1 . . 3 2 1 2 1 1 Gunslinging . | . . . . . . . . . . . . . . . . . . . Exploded 4 | . . . 4 . . 1 . . . . . . 2 . . 2 . 1 Melee 1 | . . . 1 . . . . . . . . . . . . . . . Uniques/NPCs Destroyed 2 | . . . 2 . . . . . . . . . . . . . . . EX-HEX (-10/Exiles) 8R-AWN (-10/Exiles) Combat | -11 -10 -10 -10 -9 -8 -7 -7 -7 -7 -7 -7 -6 -6 -6 -6 -6 -6 -6 -------- Run | Scr Mat Min Exi Min Mat Fac Was Fac Gar Fac Gar Fac Gar Fac Low Low Zio Dee Damage Taken 9066 | . 447 113 873 . 172 337 838 27 46 . 66 . 2418 1455 74 52 1196 952 Core 1412 | . 46 8 148 . . 50 301 . . . . . 163 176 . . 301 219 Absorbed by Shields . | . . . . . . . . . . . . . . . . . . . Core Remaining (%) 67 | 100 . . . 19 100 . . . . . 49 . . . . . . . Volleys Fired 339 | 3 40 13 8 . 14 18 . . . 1 3 . 44 94 9 4 79 9 Largest 2 | 2 2 2 1 . 2 2 . . . 2 2 . 2 2 1 1 2 2 Hottest 163 | 70 100 100 120 . 70 118 . . . 116 56 . 60 120 90 88 163 45 Shots Fired 642 | 6 79 26 8 . 28 36 92 3 13 2 6 . 69 157 9 4 88 16 Gun 429 | 6 72 13 . . . 18 92 3 13 1 6 . 65 125 . . 1 14 Cannon 204 | . 7 13 7 . 28 18 . . . 1 . . . 32 9 2 87 . Launcher 9 | . . . 1 . . . . . . . . . 4 . . 2 . 2 Special . | . . . . . . . . . . . . . . . . . . . Kinetic 376 | 3 25 . . . 28 . 92 3 13 1 6 . 65 125 . . 1 14 Thermal 114 | 3 39 13 7 . . . . . . . . . . 11 9 . 32 . Explosive 9 | . . . 1 . . . . . . . . . 4 . . 2 . 2 Electromagnetic 143 | . 15 13 . . . 36 . . . 1 . . . 21 . 2 55 . Robot Hit Streak 35 | 4 7 3 . . 6 16 35 7 20 21 4 . 11 31 5 7 35 6 Robot Miss Streak 4 | 1 3 4 1 . 1 2 1 . . . 2 . 3 4 1 . 1 2 Penetration Max 2 | . . . . . . . 1 . . . . . 2 1 . . . 1 Secondary Targets 6 | . 1 . . . . . . . . . . . 1 4 . . . . Max Gunslinging Chain 1 | . 1 . . . . . . . . . . . 1 1 . . . . Autonomous 109 | . . . . . . . 92 3 14 . . . . . . . . . Shots Hit Robots 536 | 4 49 10 27 . 23 30 87 3 13 1 4 . 52 123 7 2 90 11 Core Hits 232 | 2 22 8 15 . 8 12 23 2 7 1 1 . 38 47 3 6 31 6 Critical Hits 20 | . . . 2 . . . 2 . . . . . 13 1 . . 1 1 Critical Kills 4 | . . . . . . . . . . . . . 4 . . . . . Critical Parts Destroyed 9 | . . . . . . . . . . . . . 7 1 . . . 1 Melee Attacks 40 | . . . 29 . . . . . . . . . . . . . 11 . Impact . | . . . . . . . . . . . . . . . . . . . Slashing 40 | . . . 29 . . . . . . . . . . . . . 11 . Piercing . | . . . . . . . . . . . . . . . . . . . Sneak Attacks 2 | . . . 2 . . . . . . . . . . . . . . . Combat Hostiles . | . . . . . . . . . . . . . . . . . . . Follow-up Attacks 1 | . . . 1 . . . . . . . . . . . . . . . Damage Inflicted 16623 | 41 492 229 1762 . 402 808 2947 128 419 38 70 . 2109 3516 277 332 2500 553 Guns 8512 | 41 439 70 . . . 303 2947 128 419 . 64 . 1316 2541 . . 13 231 Cannons 4783 | . 53 107 185 . 402 392 . . . 38 . . . 975 277 79 2275 . Explosions 1746 | . . 52 222 . . 113 . . . . . . 784 . . 253 . 322 Melee 1567 | . . . 1355 . . . . . . . . . . . . . 212 . Ramming 15 | . . . . . . . . . . . 6 . 9 . . . . . Kinetic 8166 | 16 89 . . . 402 . 2947 128 419 . 64 . 1316 2541 . . 13 231 Thermal 2329 | 25 255 159 185 . . 113 . . . . . . . 358 277 . 957 . Explosive 1581 | . . . 222 . . . . . . . . . 784 . . 253 . 322 Electromagnetic 2965 | . 148 70 . . . 695 . . . 38 . . . 617 . 79 1318 . Impact . | . . . . . . . . . . . . . . . . . . . Slashing 1567 | . . . 1355 . . . . . . . . . . . . . 212 . Piercing . | . . . . . . . . . . . . . . . . . . . Highest Corruption 3 | . . . . . . 3 3 3 3 3 3 . . 1 2 2 2 . Average Corruption 2 | . . . . . . 2 3 3 3 3 3 . . 1 1 2 2 . Corruption Purged . | . . . . . . . . . . . . . . . . . . . Effects 45 | . . . . . . 3 12 4 3 8 9 . . 3 1 1 1 . Message Errors 16 | . . . . . . 2 3 1 1 3 4 . . 1 . . 1 . Matter Fused 10 | . . . . . . . 4 . 1 3 2 . . . . . . . Heat Flow Errors 2 | . . . . . . . . 1 . . 1 . . . . . . . Energy Discharges 8 | . . . . . . . 3 . 1 1 2 . . . . 1 . . Data Loss (minor) 7 | . . . . . . 1 2 2 . 1 . . . 1 . . . . Targeting Errors 2 | . . . . . . . . . . . . . . 1 1 . . . Overload Shots . | . . . . . . . . . . . . . . . . . . . Overflow Damage 201 | . . . 49 . . 11 . . . . . . 5 71 1 . 64 . Projectiles 123 | . . . . . . 11 . . . . . . . 71 1 . 40 . Explosions 5 | . . . . . . . . . . . . . 5 . . . . . Melee 73 | . . . 49 . . . . . . . . . . . . . 24 . Knockbacks 4 | . . . . . 4 . . . . . . . . . . . . . Impact . | . . . . . . . . . . . . . . . . . . . Kinetic 4 | . . . . . 4 . . . . . . . . . . . . . Secondary . | . . . . . . . . . . . . . . . . . . . Self-Inflicted Damage 87 | . . . . . . . . . . . . . 87 . . . . . Shots 3 | . . . . . . . . . . . . . 3 . . . . . Rammed 2 | . . . . . . . . . . . 1 . 1 . . . . . Targets Rammed 2 | . . . . . . . . . . . 1 . 1 . . . . . Kicked . | . . . . . . . . . . . . . . . . . . . Crushed . | . . . . . . . . . . . . . . . . . . . Highest Temperature 438 | 50 241 126 376 . 24 438 90 206 . 3 116 . . 250 . . 120 11 Average Temperature 78 | 26 78 57 197 . 6 91 44 103 . 2 62 . . 67 . . 40 7 Received Heat Transfer 1642 | . 201 9 . . 90 132 . . 9 . . . 324 423 . 9 175 270 Effects 1 | . . . . . . . . . . . . . . 1 . . . . Energy Bleed 1 | . . . . . . . . . . . . . . 1 . . . . Siege Activations . | . . . . . . . . . . . . . . . . . . . Robots Corrupted 11 | . . . . . . 2 . . . . . . . 3 . 1 5 . Combat Hostiles 11 | . . . . . . 2 . . . . . . . 3 . 1 5 . Parts Fried 25 | . 2 . . . . 2 . . . 1 . . . 8 . . 12 . Impact Corruptions . | . . . . . . . . . . . . . . . . . . . Robots Melted 1 | . . . . . . . . . . . . . . . . . 1 . Combat Hostiles . | . . . . . . . . . . . . . . . . . . . Parts Melted 9 | . 1 . . . . . . . . . . . . 1 2 . 5 . Heat Transferred 3438 | 74 644 322 400 . . 50 . . . . . . . 450 350 . 1148 . Parts Sabotaged . | . . . . . . . . . . . . . . . . . . . Parts Stolen . | . . . . . . . . . . . . . . . . . . . Parts Stripped . | . . . . . . . . . . . . . . . . . . . Power Chain Reactions 3 | . . 1 . . . 2 . . . . . . . . . . . . Missiles Intercepted . | . . . . . . . . . . . . . . . . . . . Alert | -11 -10 -10 -10 -9 -8 -7 -7 -7 -7 -7 -7 -6 -6 -6 -6 -6 -6 -6 ------- Run | Scr Mat Min Exi Min Mat Fac Was Fac Gar Fac Gar Fac Gar Fac Low Low Zio Dee Peak Influence 1166 | 5 171 186 . . 156 226 55 373 781 810 1166 611 725 631 . . . . Initial 611 | . 3 6 . . . 70 40 . 261 409 427 611 427 380 . . . . Average 258 | 1 79 45 . . 49 95 6 180 565 502 941 611 649 340 . . . . Maximum Alert Level 4 | . . . . . . 1 . 1 3 3 4 2 3 2 . . . . Low Security (%) 54 | 100 100 100 . 100 100 94 100 48 . . . . . 8 . . . . Level 1 17 | . . . . . . 5 . 51 29 . . . . 68 . . . . Level 2 17 | . . . . . . . . . 31 91 21 100 39 22 . . . . Level 3 7 | . . . . . . . . . 38 8 16 . 60 . . . . . Level 4 2 | . . . . . . . . . . . 62 . . . . . . . Level 5 . | . . . . . . . . . . . . . . . . . . . High Security . | . . . . . . . . . . . . . . . . . . . Max Security . | . . . . . . . . . . . . . . . . . . . Squads Dispatched 15 | . 1 . . . 2 2 . . . 1 . . . 9 . . . . Investigation 6 | . 1 . . . 1 1 . . . 1 . . . 2 . . . . Extermination 3 | . . . . . . . . . . . . . . 3 . . . . Reinforcement 4 | . . . . . 1 . . . . . . . . 3 . . . . Assault 1 | . . . . . . . . . . . . . . 1 . . . . Garrison 1 | . . . . . . 1 . . . . . . . . . . . . Intercept . | . . . . . . . . . . . . . . . . . . . Construction Impeded 2 | . . . . . . . . . . . . . . 2 . . . . Haulers Reinforced 1 | . . . . . . . . . . . . . . 1 . . . . Stealth | -11 -10 -10 -10 -9 -8 -7 -7 -7 -7 -7 -7 -6 -6 -6 -6 -6 -6 -6 --------- Run | Scr Mat Min Exi Min Mat Fac Was Fac Gar Fac Gar Fac Gar Fac Low Low Zio Dee Distress Signals 7 | . 3 . . . 1 1 . . . . . . . 2 . . . . Communications Jammed . | . . . . . . . . . . . . . . . . . . . Distress Signals . | . . . . . . . . . . . . . . . . . . . Times Spotted 198 | . 13 11 11 . 9 7 6 3 11 5 13 . 21 31 3 2 49 3 Peak Tracking Total 8 | . 6 4 8 . 4 5 6 2 8 3 5 . 8 5 1 2 7 3 Tactical Retreats 33 | . 2 1 5 . . . . . . . . . 5 2 . 1 17 . Traps | -11 -10 -10 -10 -9 -8 -7 -7 -7 -7 -7 -7 -6 -6 -6 -6 -6 -6 -6 ------- Run | Scr Mat Min Exi Min Mat Fac Was Fac Gar Fac Gar Fac Gar Fac Low Low Zio Dee Traps Triggered 9 | . 1 . . . . 4 . . 1 2 . . . 1 . . . . Indirectly . | . . . . . . . . . . . . . . . . . . . Trap Hack Attempts . | . . . . . . . . . . . . . . . . . . . Triggered . | . . . . . . . . . . . . . . . . . . . Disarmed . | . . . . . . . . . . . . . . . . . . . Reprogrammed . | . . . . . . . . . . . . . . . . . . . Reused . | . . . . . . . . . . . . . . . . . . . Traps Extracted . | . . . . . . . . . . . . . . . . . . . Installed . | . . . . . . . . . . . . . . . . . . . Triggered 2 | . . . . . . . . . . . . . . . 2 . . . Machines | -11 -10 -10 -10 -9 -8 -7 -7 -7 -7 -7 -7 -6 -6 -6 -6 -6 -6 -6 ---------- Run | Scr Mat Min Exi Min Mat Fac Was Fac Gar Fac Gar Fac Gar Fac Low Low Zio Dee Machines Disabled 10 | . . 1 3 . . 1 . 1 1 1 . . . 2 . . . . Max in Single Turn 2 | . . 1 2 . . 1 . 1 1 . . . . 1 . . . . Garrison Access 1 | . . . . . . 1 . . . . . . . . . . . . Machines Sabotaged . | . . . . . . . . . . . . . . . . . . . Garrisons Compromised . | . . . . . . . . . . . . . . . . . . . Overloaded Fab Kills . | . . . . . . . . . . . . . . . . . . . Fab Network Shutdowns . | . . . . . . . . . . . . . . . . . . . Hacking | -11 -10 -10 -10 -9 -8 -7 -7 -7 -7 -7 -7 -6 -6 -6 -6 -6 -6 -6 --------- Run | Scr Mat Min Exi Min Mat Fac Was Fac Gar Fac Gar Fac Gar Fac Low Low Zio Dee Machines Accessed 32 | . 7 1 1 . 6 3 . 2 . 3 . 1 . 8 . . . . Terminals 19 | . 6 . . . 5 1 . 1 . 1 . . . 5 . . . . Fabricators 1 | . . . . . . . . . . . . . . 1 . . . . Repair Stations 3 | . . . . . . 1 . . . 1 . . . 1 . . . . Recycling Units 1 | . 1 . . . . . . . . . . . . . . . . . Scanalyzers 2 | . . . . . 1 . . . . . . . . 1 . . . . Garrison Access 4 | . . . . . . 1 . 1 . 1 . 1 . . . . . . Total Hacks 88 | . 24 1 1 . 26 7 . 3 . 6 . 1 . 19 . . . . Successful 50 | . 15 1 1 . 18 3 . 2 . 3 . 1 . 6 . . . . Failed 37 | . 9 . . . 7 4 . 1 . 3 . . . 13 . . . . Catastrophic 9 | . 1 . . . 2 1 . . . 1 . . . 4 . . . . Database Lockouts 2 | . . . . . 2 . . . . . . . . . . . . . Manual 50 | . 18 . 1 . 17 3 . 2 . . . . . 4 . . 5 . Terminals 58 | . 21 . . . 20 3 . 2 . 2 . . . 10 . . . . Fabricators 5 | . . . . . . . . . . . . . . 5 . . . . Repair Stations 8 | . . . . . . 3 . . . 3 . . . 2 . . . . Recycling Units 3 | . 3 . . . . . . . . . . . . . . . . . Scanalyzers 8 | . . . . . 6 . . . . . . . . 2 . . . . Garrison Access 4 | . . . . . . 1 . 1 . 1 . 1 . . . . . . Terminal Hacks 18 | . 6 1 1 . 9 . . . . . . . . 1 . . . . Robot Analysis 4 | . 3 . . . 1 . . . . . . . . . . . . . Prototype ID Bank 7 | . 2 . . . 4 . . . . . . . . 1 . . . . Open Door 1 | . . 1 . . . . . . . . . . . . . . . . Level Access Points 1 | . . . . . 1 . . . . . . . . . . . . . Branch Access Points 1 | . . . . . 1 . . . . . . . . . . . . . Terminal Index 1 | . 1 . . . . . . . . . . . . . . . . . Repair Station Index 1 | . . . . . 1 . . . . . . . . . . . . . Scanalyzer Index 1 | . . . . . 1 . . . . . . . . . . . . . EX-Prototype ID Bank 1 | . . . 1 . . . . . . . . . . . . . . . Fabricator Hacks 1 | . . . . . . . . . . . . . . 1 . . . . Load Schematic 1 | . . . . . . . . . . . . . . 1 . . . . Repair Station Hacks 4 | . . . . . . 1 . . . 2 . . . 1 . . . . Scan Component 3 | . . . . . . 1 . . . 1 . . . 1 . . . . Repair 1 | . . . . . . . . . . 1 . . . . . . . . Recycling Unit Hacks 1 | . 1 . . . . . . . . . . . . . . . . . Report Inventory 1 | . 1 . . . . . . . . . . . . . . . . . Scanalyzer 7 | . . . . . 5 . . . . . . . . 2 . . . . Insert Component 3 | . . . . . 2 . . . . . . . . 1 . . . . Analyze 4 | . . . . . 3 . . . . . . . . 1 . . . . Garrison Access Hacks 4 | . . . . . . 1 . 1 . 1 . 1 . . . . . . Unlock Access 3 | . . . . . . . . 1 . 1 . 1 . . . . . . Seal Access 1 | . . . . . . 1 . . . . . . . . . . . . Unauthorized Hacks 15 | . 8 . . . 4 1 . 1 . . . . . 1 . . . . Terminals 15 | . 8 . . . 4 1 . 1 . . . . . 1 . . . . Track 5 | . 4 . . . 1 . . . . . . . . . . . . . Assimilate 2 | . . . . . 1 . . . . . . . . 1 . . . . Botnet 8 | . 4 . . . 2 1 . 1 . . . . . . . . . . Fabricators . | . . . . . . . . . . . . . . . . . . . Repair Stations . | . . . . . . . . . . . . . . . . . . . Recycling Units . | . . . . . . . . . . . . . . . . . . . Scanalyzers . | . . . . . . . . . . . . . . . . . . . Garrison Access . | . . . . . . . . . . . . . . . . . . . Data Cores Recovered . | . . . . . . . . . . . . . . . . . . . Used . | . . . . . . . . . . . . . . . . . . . Hacking Detections 22 | . 6 . . . 4 2 . 2 . 1 . . . 7 . . . . Full Trace Events 3 | . . . . . . 1 . . . 1 . . . 1 . . . . Feedback Events . | . . . . . . . . . . . . . . . . . . . Feedback Blocked . | . . . . . . . . . . . . . . . . . . . Robot Schematics Acquired . | . . . . . . . . . . . . . . . . . . . Robots Built . | . . . . . . . . . . . . . . . . . . . Matter . | . . . . . . . . . . . . . . . . . . . Time . | . . . . . . . . . . . . . . . . . . . Total Robot Build Rating . | . . . . . . . . . . . . . . . . . . . Part Schematics Acquired 3 | . . . . . 2 . . . . . . . . 1 . . . . Parts Built . | . . . . . . . . . . . . . . . . . . . Matter . | . . . . . . . . . . . . . . . . . . . Time . | . . . . . . . . . . . . . . . . . . . Total Part Build Rating . | . . . . . . . . . . . . . . . . . . . Parts Repaired 1 | . . . . . . . . . . 1 . . . . . . . . Time 86 | . . . . . . . . . . 86 . . . . . . . . Parts Recycled . | . . . . . . . . . . . . . . . . . . . Recycled Matter . | . . . . . . . . . . . . . . . . . . . Retrieved Matter . | . . . . . . . . . . . . . . . . . . . Retrieved Components . | . . . . . . . . . . . . . . . . . . . Parts Scanalyzed 3 | . . . . . 2 . . . . . . . . 1 . . . . Part Schematics Acquired 3 | . . . . . 2 . . . . . . . . 1 . . . . Parts Damaged 1 | . . . . . 1 . . . . . . . . . . . . . Bothacking | -11 -10 -10 -10 -9 -8 -7 -7 -7 -7 -7 -7 -6 -6 -6 -6 -6 -6 -6 ------------ Run | Scr Mat Min Exi Min Mat Fac Was Fac Gar Fac Gar Fac Gar Fac Low Low Zio Dee Used RIF Installer 3 | . . . . . . . . . 1 . 1 . 1 . . . . . Hotswap 1 | . . . . . . . . . . . 1 . . . . . . . Command Fork 1 | . . . . . . . . . . . . . 1 . . . . . Robots Hacked . | . . . . . . . . . . . . . . . . . . . Non-combat . | . . . . . . . . . . . . . . . . . . . Combat . | . . . . . . . . . . . . . . . . . . . Robot Hacks Applied . | . . . . . . . . . . . . . . . . . . . Relay Couplers Released . | . . . . . . . . . . . . . . . . . . . Robots Rewired 4 | . . . . . . . . . . . 4 . . . . . . . Allies Hacked . | . . . . . . . . . . . . . . . . . . . Hacks Repelled . | . . . . . . . . . . . . . . . . . . . Allies | -11 -10 -10 -10 -9 -8 -7 -7 -7 -7 -7 -7 -6 -6 -6 -6 -6 -6 -6 -------- Run | Scr Mat Min Exi Min Mat Fac Was Fac Gar Fac Gar Fac Gar Fac Low Low Zio Dee Total Allies 33 | . . 5 . . 1 . 19 . . 3 4 . . 1 . . . . Largest Group 19 | . . 5 2 . 1 . 19 19 18 13 16 14 14 1 . . . . Highest-Rated Group 477 | . . 85 45 . 10 . 477 477 445 392 403 373 373 26 . . . . Highest-Rated Ally 35 | . . 31 31 . 10 . 35 35 35 35 35 35 35 26 . . . . Total Orders 1 | . . 1 . . . . . . . . . . . . . . . . RETURN 1 | . . 1 . . . . . . . . . . . . . . . . Ally Attacks 245 | . . 30 . . . . . 33 41 26 54 . 61 . . . . . Total Damage 5637 | . . 321 . . . . . 409 1388 662 2060 . 797 . . . . . Kills 59 | . . 5 . . . . . 6 10 10 19 . 9 . . . . . Allies Corrupted . | . . . . . . . . . . . . . . . . . . . Allies Melted . | . . . . . . . . . . . . . . . . . . . Intel | -11 -10 -10 -10 -9 -8 -7 -7 -7 -7 -7 -7 -6 -6 -6 -6 -6 -6 -6 ------- Run | Scr Mat Min Exi Min Mat Fac Was Fac Gar Fac Gar Fac Gar Fac Low Low Zio Dee Robot Analysis Total 4 | . 3 . . . 1 . . . . . . . . . . . . . Derelict Logs Recovered 3 | . . 1 . 1 . . . . . . . . . . . 1 . . Drone Launches 1 | . . 1 . . . . . . . . . . . . . . . . Drone Recoveries 1 | . . 1 . . . . . . . . . . . . . . . . Exploration | -11 -10 -10 -10 -9 -8 -7 -7 -7 -7 -7 -7 -6 -6 -6 -6 -6 -6 -6 ------------- Run | Scr Mat Min Exi Min Mat Fac Was Fac Gar Fac Gar Fac Gar Fac Low Low Zio Dee Turns Passed 9150 | 58 874 691 1011 251 312 540 820 178 208 470 313 52 572 1493 221 177 814 95 Spaces Moved 6570 | 44 735 557 777 223 231 383 438 84 108 197 159 21 264 1056 344 285 611 53 Core 5 | 1 . . . . . . 4 . . . . . . . . . . . Treads 1718 | . . . 16 . . . 373 84 108 197 159 21 264 496 . . . . Legs 160 | . . . 6 . . . . . . . . . . . . . 101 53 Wheels 2988 | 43 735 557 755 223 231 383 61 . . . . . . . . . . . Hover 1699 | . . . . . . . . . . . . . . 560 344 285 510 . Flight . | . . . . . . . . . . . . . . . . . . . Fastest Speed 50 | 50 80 100 100 100 100 110 130 180 180 160 180 180 160 53 58 58 58 125 Average Speed 112 | 79 93 107 111 100 106 121 176 180 180 179 180 180 163 105 58 58 77 125 Slowest Speed 550 | 80 100 110 180 100 110 160 550 180 180 180 180 180 180 160 58 58 180 125 Overloaded Moves . | . . . . . . . . . . . . . . . . . . . Propulsion Burnouts . | . . . . . . . . . . . . . . . . . . . Robots Hopped . | . . . . . . . . . . . . . . . . . . . Cave-ins Triggered . | . . . . . . . . . . . . . . . . . . . Exploration Rate (%) 45 | 3 93 99 89 65 22 10 93 4 40 9 42 . 48 34 65 49 48 14 Regions Visited 18 Branch Regions 7 Pre-discovered Areas . | . . . . . . . . . . . . . . . . . . . Known Exits Taken 4 | . . . . . 1 . . 1 . 1 . 1 . . . . . . Unknown Exits Taken 9 | 1 1 1 1 1 . . . . . . . . . 1 1 1 1 . Scrap Searched 5 | . . 2 . . . . . . . . . . . . 1 1 1 . Spaces Dug 1 | . . . . . . . . . . . . . . . 1 . . . Terrain Destroyed 93 | . . 2 8 . . 8 5 . 1 . . . 23 8 2 17 . 19 Melee . | . . . . . . . . . . . . . . . . . . . Projectile 26 | . . . . . . . 5 . 1 . . . 10 8 2 . . . AOE 67 | . . 2 8 . . 8 . . . . . . 13 . . 17 . 19 Terrain Rammed . | . . . . . . . . . . . . . . . . . . . Walls Destroyed . | . . . . . . . . . . . . . . . . . . . Machines Disabled . | . . . . . . . . . . . . . . . . . . . Actions | -11 -10 -10 -10 -9 -8 -7 -7 -7 -7 -7 -7 -6 -6 -6 -6 -6 -6 -6 --------- Run | Scr Mat Min Exi Min Mat Fac Was Fac Gar Fac Gar Fac Gar Fac Low Low Zio Dee Total 7780 | 57 850 624 881 252 268 424 487 111 121 311 179 35 331 1287 356 291 849 66 Wait 498 | . 40 48 33 23 8 2 19 28 9 95 . 14 3 52 . 2 122 . Move 6554 | 43 734 556 776 222 230 383 437 83 107 197 158 20 263 1055 343 284 610 53 Hop . | . . . . . . . . . . . . . . . . . . . Pick Up 52 | 4 10 2 8 4 4 1 4 . . 1 . . . 12 1 . 1 . Fast Attach 86 | 6 5 1 6 . 5 10 10 . 2 5 . . 10 18 . . 8 . Attach 30 | . 1 . 7 . 2 . 5 . . 2 . . 1 6 . . 4 2 Detach 29 | . 1 . 3 . 3 . 4 . . 5 . . 2 8 . . 3 . Swap 53 | 1 6 1 8 . . 1 1 . . 2 . 1 3 17 2 1 7 2 Drop 78 | . 12 3 4 3 2 9 7 . 1 3 . . 4 25 1 . 4 . Fire 339 | 3 40 13 8 . 14 18 . . . 1 3 . 44 94 9 4 79 9 Melee 39 | . . . 28 . . . . . . . . . . . . . 11 . Ram . | . . . . . . . . . . . . . . . . . . . Kick . | . . . . . . . . . . . . . . . . . . . Crush 2 | . . . . . . . . . . . 1 . 1 . . . . . Escape Stasis 5 | . . . . . . . . . 2 . 3 . . . . . . . Rewire 15 | . 1 . . . . . . . . . 14 . . . . . . . Trap . | . . . . . . . . . . . . . . . . . . . Miscellaneous . | . . . . . . . . . . . . . . . . . . . Route ------- -11/Scrapyard -10/Materials (discovered 4 exits: [*Mat x3] / *Min) -10/Mines (discovered 3 exits: [*Mat x2] / *Exi) -10/Exiles -9/Mines -8/Materials (discovered 5 exits: *Fac x3 / Sto x2) -7/Factory -7/Waste -7/Factory -7/Garrison -7/Factory -7/Garrison (discovered 2 exits: *Fac x2) -6/Factory -6/Garrison (discovered 2 exits: *Fac x2) -6/Factory -6/Lower Caves -6/Lower Caves (discovered 2 exits: Fac / *Zio) -6/Zion (discovered 2 exits: [*Dee] / [*Pro]) -6/Deep Caves History --------- Turn | Location | Event 25 | -11/Scrapyard | Discovered new exit (range 15) 59 | -11/Scrapyard | Entered Materials 313 | -10/Materials | Build established: Mutant 407 | -10/Materials | Discovered new exit (range 11) 545 | -10/Materials | Discovered new exit (range 8) 621 | -10/Materials | Discovered new exit (range 13) 833 | -10/Materials | Discovered new exit (range 16) 933 | -10/Materials | Entered Mines 1048 | -10/Mines | Found the Drone Emporium 1052 | -10/Mines | Learned Materials terminal intel 1056 | -10/Mines | Found Prototype Device 1056 | -10/Mines | Identified Sensor Drone Bay 1108 | -10/Mines | Discovered new exit (range 17) 1159 | -10/Mines | Assisted by bots powering up and referring to "LRC-V3" 1340 | -10/Mines | Assembled infested the area 1345 | -10/Mines | Assisted by a Guerilla fighting off Assembled 1390 | -10/Mines | Deemed a non-threat by the Exiles lab entrance 1390 | -10/Mines | Discovered new exit (range 5) 1435 | -10/Mines | Received a Rocket Launcher from a helpful Derelict 1482 | -10/Mines | Discovered new exit (range 11) 1624 | -10/Mines | Entered Exiles 1624 | -10/Exiles | Accompanied by 2 allies 1651 | -10/Exiles | Met 8R-AWN 1654 | -10/Exiles | Led the pair of lost Derelicts to a safe place 1668 | -10/Exiles | Met EX-HEX 1705 | -10/Exiles | Met EX-BIN 1774 | -10/Exiles | Met EX-DEC 1838 | -10/Exiles | Visited The Gauntlet 2027 | -10/Exiles | Aligned with FarCom system 2028 | -10/Exiles | Given EX-Vault access code 2052 | -10/Exiles | Opened EX-Vault 2062 | -10/Exiles | Found Longsword +1 2087 | -10/Exiles | Warned to stay clear of 0b10 Research branches 2130 | -10/Exiles | Attacked by the Exiles 2133 | -10/Exiles | Destroyed EX-HEX 2175 | -10/Exiles | Core integrity fell below 50% 2201 | -10/Exiles | Core integrity fell below 20% 2211 | -10/Exiles | Destroyed 8R-AWN 2215 | -10/Exiles | Found Prototype Ballistic Gun 2215 | -10/Exiles | Identified 8R-AWN's Boregun 2219 | -10/Exiles | Found 8R-AWN's Boregun 2222 | -10/Exiles | Found Prototype Device 2222 | -10/Exiles | Identified AS-neutralizer No. 17b 2228 | -10/Exiles | Lost 5 parts (2p1n1u1w) 2352 | -10/Exiles | Found Gui. Plasma Cannon 2358 | -10/Exiles | Found AWS/Gauss 2620 | -10/Exiles | Discovered new exit (range 14) 2635 | -10/Exiles | Stole three prototypes: Gui. Plasma Cannon, AWS/Gauss, Longsword +1 2635 | -10/Exiles | Entered Mines 2658 | -9/Mines | Learned Materials garrison access intel 2687 | -9/Mines | Met a Derelict bent on vengeance 2824 | -9/Mines | Found a hidden stash of uninstalled traps 2850 | -9/Mines | Found a damaged Exp. Sensor Array with a note attached 2852 | -9/Mines | Found Prototype Device 2873 | -9/Mines | Discovered new exit (range 12) 2886 | -9/Mines | Entered Materials 2886 | -8/Materials | Evolved 4 slots: Utility x4 2887 | -8/Materials | Loaded intel: 12 terminal locations 2888 | -8/Materials | Loaded intel: 1 garrison access location 2940 | -8/Materials | Identified exit to Factory 2949 | -8/Materials | Identified exit to Storage 3023 | -8/Materials | Identified Exp. Sensor Array 3053 | -8/Materials | Central database locked down 3198 | -8/Materials | Entered Factory 3198 | -7/Factory | Evolved 2 slots: Utility x2 3611 | -7/Factory | Garrison activated, responded to threat 3665 | -7/Factory | Discovered new exit (range 18) 3738 | -7/Factory | Sucked down chute 3738 | -7/Factory | Entered Waste 3752 | -7/Waste | Spotted C-40 Crusher 3768 | -7/Waste | Spotted C-40 Crusher 3779 | -7/Waste | Spotted C-40 Crusher 3779 | -7/Waste | Spotted C-40 Crusher 3809 | -7/Waste | Spotted C-40 Crusher 3823 | -7/Waste | Crushed by Compactor (1 part destroyed, 2 dropped) 3828 | -7/Waste | Crushed by Compactor (1 part destroyed, 1 dropped) 3833 | -7/Waste | Spotted C-40 Crusher 3837 | -7/Waste | Crushed by Compactor (1 part destroyed, 1 dropped) 3842 | -7/Waste | Crushed by Compactor (0 parts destroyed, 1 dropped) 3847 | -7/Waste | Destroyed C-40 Crusher 3850 | -7/Waste | Crushed by Compactor (1 part destroyed) 3857 | -7/Waste | Destroyed C-40 Crusher 3860 | -7/Waste | Crushed by Compactor (1 part destroyed) 3891 | -7/Waste | Lost 5 parts (1p3n1u) 3911 | -7/Waste | Crushed by Compactor (0 parts destroyed, 1 dropped) 3914 | -7/Waste | Crushed by Compactor (1 part destroyed) 3915 | -7/Waste | Core integrity fell below 50% 3918 | -7/Waste | Destroyed C-40 Crusher 3921 | -7/Waste | Destroyed C-40 Crusher 3923 | -7/Waste | Destroyed C-40 Crusher 3929 | -7/Waste | Destroyed C-40 Crusher 3959 | -7/Waste | Found Damper Plating 3986 | -7/Waste | Found Damper Plating 4256 | -7/Waste | Build established: Scavenger-Mutant 4330 | -7/Waste | Warlord forces began an assault 4501 | -7/Waste | Discovered new exit (range 13) 4558 | -7/Waste | Entered Factory 4558 | -7/Factory | Accompanied by 19 allies 4700 | -7/Factory | Identified exit to Garrison 4736 | -7/Factory | Entered Garrison 4736 | -7/Garrison | Accompanied by 18 allies 4795 | -7/Garrison | Triggered checkpoint 4800 | -7/Garrison | Triggered checkpoint 4860 | -7/Garrison | Triggered checkpoint 4884 | -7/Garrison | Discovered new exit (range 14) 4928 | -7/Garrison | Installed Relay Interface Framework 4944 | -7/Garrison | Entered Factory 4944 | -7/Factory | Accompanied by 11 allies 5113 | -7/Factory | Repaired Broken HERF Cannon 5197 | -7/Factory | Allied Derelicts emerged from ambush trap array 5410 | -7/Factory | Identified exit to Garrison 5414 | -7/Factory | Entered Garrison 5414 | -7/Garrison | Accompanied by 12 allies 5472 | -7/Garrison | Triggered checkpoint 5478 | -7/Garrison | Triggered checkpoint 5510 | -7/Garrison | Triggered checkpoint 5560 | -7/Garrison | Discovered new exit (range 10) 5646 | -7/Garrison | Triggered checkpoint 5685 | -7/Garrison | Discovered new exit (range 11) 5703 | -7/Garrison | Identified exit to Factory 5719 | -7/Garrison | Expanded RIF knowledge: Hotswap 5727 | -7/Garrison | Entered Factory 5727 | -6/Factory | Accompanied by 14 allies 5727 | -6/Factory | Evolved 2 slots: Propulsion x2 5765 | -6/Factory | Identified exit to Garrison 5779 | -6/Factory | Entered Garrison 5779 | -6/Garrison | Accompanied by 14 allies 5854 | -6/Garrison | Triggered checkpoint 5864 | -6/Garrison | Spotted B-75 Beast 5870 | -6/Garrison | Triggered checkpoint 5884 | -6/Garrison | Triggered checkpoint 5892 | -6/Garrison | Triggered checkpoint 5908 | -6/Garrison | Allies destroyed B-75 Beast 6155 | -6/Garrison | Discovered new exit (range 14) 6176 | -6/Garrison | Identified exit to Factory 6319 | -6/Garrison | Discovered exit to Factory (range 10) 6341 | -6/Garrison | Expanded RIF knowledge: Command Fork 6351 | -6/Garrison | Entered Factory 6663 | -6/Factory | P-60 Hacker assimilated allied Administrator 5a 7621 | -6/Factory | Lost 3 parts (1n1u1w) 7751 | -6/Factory | First assault squad dispatched 7793 | -6/Factory | Discovered new exit (range 11) 7844 | -6/Factory | Entered Lower Caves 7984 | -6/Lower Caves | Build established: Mutant 8057 | -6/Lower Caves | Discovered new exit (range 14) 8065 | -6/Lower Caves | Entered another Lower Caves area 8117 | -6/Lower Caves | Identified exit to Factory 8238 | -6/Lower Caves | Discovered new exit (range 8) 8242 | -6/Lower Caves | Entered Zion 8267 | -6/Zion | Found CR-A16's Pointy Stick 8283 | -6/Zion | Discovered new exit (range 9) 8311 | -6/Zion | Acquired unknown access codes intercepted by a Zionite 8323 | -6/Zion | System corruption cleaned by Quarantine Array 8327 | -6/Zion | RIF detected upon attempting to enter Zion 8327 | -6/Zion | Attacked by Zionites 8329 | -6/Zion | Spotted U3-LU7(B) 8329 | -6/Zion | Spotted 6L-M9N(B) 8340 | -6/Zion | Destroyed 6L-M9N(B) 8442 | -6/Zion | Core integrity fell below 50% 8538 | -6/Zion | Destroyed U3-LU7(B) 8738 | -6/Zion | Lost 3 parts (1p1n1w) 9030 | -6/Zion | Opened final containment barrier to the Deep Caves 9049 | -6/Zion | Discovered new exit (range 5) 9051 | -6/Zion | Saw the warning signs outside the Deep Caves entrance 9056 | -6/Zion | Entered Deep Caves 9126 | -6/Deep Caves | Attacked by Z-Imprinter 9145 | -6/Deep Caves | Core integrity fell below 20% 9151 | -6/Deep Caves | Destroyed by Z-Imprinter with Zionite Laser-M Last Messages --------------- LOCATION=UNKNOWN GOAL=ESCAPE NEW_ZION: Z-Facility proximity alert. Z-Imprinter: GET AWAY FROM HERE! I've worked too hard for our future just to have you ruin everything! HV Slug penetrates Z-Imprinter. HV Slug penetrates Wall. Lgt. Angular Momentum Engine destroyed. HV Slug penetrates Z-Imprinter. Mak. Leg destroyed. Flexi-carbon Leg destroyed. HV Slug penetrates Z-Imprinter. HV Slug penetrates 77-A6B(z). 77-A6B(z) suffers critical hit. Destroyed Prototype Reactor. 8R-AWN's Boregun destroyed. Destroyed Prototype Protection. V2-HDL(z) destroyed. Heat Sink destroyed. Map ----- +----------------------------------------------------+ | | | | | | | | | | | | | | | | | | | | | | | | | | | | | | | | | | | ?????????????????????????????????????????????????? | | ????????####?????????????????????????????????????? | | ???????? ?????????????????????????????????#?#? | | ???????? ??????###?????????????????????? ## | | ??????? #??### ##?????######????????? # | | ??????? ## # ####### ##???????? | | ?????? ;;;## #???????? | | ?????? #???????# | | ?????? @ #??????? # | | ?????? ##??????# #? | | ?????? #??????? #?? | | ???????""""" ???? #??? | | ??????????"" ### #??? | | ??????????"" I #??? | | ??????????"" z! #??? | | ?????????? =% ##?? | | ?????????""" ### ##? | | ??????????"" #?## #? | | ???????????" ##????# ## | | ???????????" #?????# # | | ???????????? #?????# | | ?????????????? ?????# ## | | ????????????????? ?????# #?# | | ??????????????????? ?????# #??# | | ????????????????????????? #????## #???## | | ??????????????????????????? ?????# #????? | | ????????????????????????????? ?????## ##???? | | ???????????????????????????????? ??????## #???? | | ????????????????????????????????????????# ##??? | | ????????????????????????????????????????# ##?? | | ????????????????????????????????????????# ##? | | ????????????????????????????????????????## ## | | ?????????????????????????????????????????## | +----------------------------------------------------+ Best States ------------- Heat Dissipation 115 Energy Generation 21 Energy Capacity 815 Matter Stores 300 Matter Capacity 300 Sight Range 20 Robot Scan Range 30 Terrain Scan Density 10 Armor Coverage 2400 Resistance: KI 20 Resistance: EM 90 Propulsion Shielding 66 Evasion (%) 64 Targeting Accuracy 32 Core Analysis 6 Recoil Reduction 4 Offensive Hacking 7 Defensive Hacking 17 Item Schematics ----------------- Exp. Sensor Array | -8/Materials | Scanalyzed Adv. Myomer Leg | -8/Materials | Scanalyzed Cmb. Airjet | -6/Factory | Scanalyzed Robot Schematics ------------------ None Fabricated ------------ Nothing Alien Tech Used ----------------- None Achievements -------------- None Challenges ------------ None Game ------ Seed AssembledVariableRegulator Manual? 0 Play Time 01:28:32 Cumulative 211.7 hours Start 2020.09.09 @ 14:10:02 End 2020.09.09 @ 15:44:05 Sessions 1 Manual Loads 0 Difficulty Rogue Special Mode None Game No. 226 Rogue 226 Adventurer 0 Explorer 0 Win Type - Total 9 Types 7/0/2/0/0/0/0/0/0 Lore% 73 Gallery% 85 Achievement% 64 Wizard Run 0 Options --------- ASCII 0 Keyboard 1 Movement Numpad Keybinds 0 Fullscreen 1 Font 20/SmallcapsGlow Map View 66x50 Tactical HUD 1 Map Filters NONE Filters NONE Steam 1 RUN: 6776df30-4232-4ca2-825a-d6b60ba8fe9c